 Dungeon Crawl Stone Soup version 0.28-a0-224-g76b539d98b (webtiles) character file.

Game seed: 12274036354746701584

759 theanonym the Cudgeller (level 7, -1/45 HPs)
             Began as a Gargoyle Abyssal Knight on Aug 21, 2021.
             Was a Priest of Lugonu.
             Slain by a centaur (3 damage)
             ... on level 5 of the Dungeon.
             The game lasted 00:06:29 (5360 turns).

theanonym the Cudgeller (Gargoyle Abyssal Knight)   Turns: 5360, Time: 00:06:29

Health: -1/45      AC: 12    Str: 18    XL:     7   Next: 80%
Magic:  7/7        EV:  9    Int: 12    God:    Lugonu [***...]
Gold:   69         SH:  4    Dex:  7    Spells: 6/6 levels left

rFire   . . .      SeeInvis .   g - +0 flail
rCold   . . .      Faith    .   k - +0 buckler
rNeg    + . .      Spirit   .   n - +0 scale mail
rPois   ∞          Reflect  .   (helmet restricted)
rElec   +          Harm     .   c - +0 cloak
rCorr   .          Rampage  .   (no gloves)
Will    .....                   (no boots)
Stlth   ..........              (no amulet)
HPRegen 0.15/turn               (no ring)
MPRegen 0.10/turn               (no ring)

@: mighty, unable to read, hasted, very quick
A: sickness immunity, AC +4, negative energy resistance 1, electricity
resistance, torment resistance 1, petrification resistance, horns 1, clumsy 1,
low mp 1, inability to read while threatened
a: Renounce Religion, Depart the Abyss, Bend Space, Banish


Innate Abilities, Weirdness & Mutations

You are immune to sickness and miasma.
Your stone body is resilient. (AC +4)
You are immune to poison.
You resist negative energy. (rN+)
You are resistant to electric shocks. (rElec)
You are resistant to unholy torment.
You are immune to petrification.
You have a pair of small horns on your head.
You are clumsy. (Dex -2)
Your magical capacity is low. (-10% MP)
You sometimes lose the ability to read scrolls when taking damage.


   Skills:
 + Level 5.7 Fighting
 * Level 6.4 Maces & Flails
 - Level 2.1 Armour
 - Level 0.7 Dodging
 + Level 3.8 Shields
 - Level 2.0 Invocations


You had 6 spell levels left.
You didn't know any spells.
Your spell library contained the following spells:

 Spells                   Type           Power      Damage    Failure   Level
 Borgnjor's Revivificati  Necr           0%         N/A       100%        8
 Necromutation            Tmut/Necr      0%         N/A       100%        8
 Death's Door             Necr           0%         N/A       100%        9

Skill      XL: |  1  2  3  4  5  6  7 |
---------------+----------------------+-----
Maces & Flails | 3 4 5 6 |  6.4
Fighting       | 4 5 |  5.7
Shields        | 1 2 3 |  3.8
Armour         | |  2.1
Dodging        | |  0.7
Invocations    | |  2.0

Action                   |  1- 3 |  4- 6 |  7- 9 || total
-------------------------+-------+-------+-------++-------
Melee: Mace              |    18 |       |       ||    18
       Flail             |    65 |   212 |    61 ||   338
       Headbutt          |       |    28 |    12 ||    40
Throw: Throwing net      |       |       |     1 ||     1
  Use: Potion            |       |     5 |     2 ||     7
Armor: Leather armour    |    36 |    27 |       ||    63
       Skin              |       |     1 |       ||     1
       Scale mail        |       |    77 |    50 ||   127
Dodge: Dodged            |    44 |    88 |    32 ||   164
Block: Buckler           |       |    21 |    14 ||    35

Inventory:

Hand Weapons
 a - a +1 mace
 g - a +0 flail (weapon)
Armour
 c - a +0 cloak (worn)
 e - a +0 helmet
 k - a +0 buckler (worn)
 n - a +0 scale mail (worn)
Scrolls
 b - a scroll of immolation {unknown}
 f - 6 scrolls of identify {unknown}
 i - a scroll of fear {unknown}
 j - a scroll of enchant armour {unknown}
 l - 2 scrolls of teleportation {unknown}
 o - 3 scrolls of blinking {unknown}
 p - a scroll of amnesia {unknown}
Potions
 h - a potion of haste
 m - 2 potions of might
 w - a potion of curing


You were on level 5 of the Dungeon.
You worshipped Lugonu.
Lugonu was most pleased with you.
You visited 1 branch of the dungeon, and saw 5 of its levels.
You visited the Abyss 1 time.

You collected 405 gold pieces.
You spent 336 gold pieces at shops.

Dungeon Overview and Level Annotations

Branches:
Dungeon (5/15)
 Temple: D:4-7

Altars:
Ashenzari
Kikubaaqudgha
Trog

Shops:
D:1 [   D:4 !

Annotations:
D:4 3 runed translucent doors, TheNamelessOne's ghost, novice OpCK

............# #
.#..........#
.#..........##
<............##
÷.............#####
#.................#..
#....#...............
.....#..........##...
...............s@# #.
......###........c......
....... ###.............
#....#........##
#....#......###
#...........#
.............#
....#......###


You could see a centaur and a scorpion (caught).

Notes
Turn   | Place    | Note
-------+----------+-------------------------------------------
     0 | Abyss:1  | theanonym the Gargoyle Abyssal Knight began the quest for
                  | the Orb.
     0 | Abyss:1  | Reached XP level 1. HP: 14/14 MP: 2/2
    36 | D:1      | Escaped the Abyss
   319 | D:1      | Reached XP level 2. HP: 14/19 MP: 3/3
   584 | D:1      | Found Niwkoij's Antique Armour Emporium.
   585 | D:1      | Noticed a golden eye
   589 | D:1      | Reached skill level 3 in Maces & Flails
   642 | D:1      | Found a faded altar of an unknown god.
   644 | D:1      | Noticed a great orb of eyes
   644 | D:1      | Noticed an eye of devastation
   644 | D:1      | Noticed a floating eye
   684 | D:1      | Reached XP level 3. HP: 20/24 MP: 4/4
  1660 | D:2      | Reached ** piety under Lugonu
  1661 | D:2      | Reached skill level 4 in Fighting
  1661 | D:2      | Reached XP level 4. HP: 28/29 MP: 5/5
  1873 | D:2      | Found a runed translucent door.
  1874 | D:2      | Noticed Crazy Yiuf
  2550 | D:2      | Gained mutation: You sometimes lose the ability to read
                  | scrolls when taking damage. [potion of mutation]
  2550 | D:2      | Gained mutation: Your magical capacity is low. (-10% MP)
                  | [potion of mutation]
  2550 | D:2      | Gained mutation: You are clumsy. (Dex -2) [potion of
                  | mutation]
  2550 | D:2      | Gained mutation: You have a pair of small horns on your
                  | head. [potion of mutation]
  2552 | D:2      | Killed Crazy Yiuf
  2553 | D:2      | Reached skill level 4 in Maces & Flails
  2553 | D:2      | Reached skill level 1 in Shields
  2745 | D:3      | Reached XP level 5. HP: 23/33 MP: 5/5
  2868 | D:3      | Found a bloodstained altar of Trog.
  2869 | D:3      | Found an ancient bone altar of Kikubaaqudgha.
  3010 | D:3      | Found a broken altar of Ashenzari.
  3989 | D:4      | Reached skill level 2 in Shields
  4124 | D:4      | Reached *** piety under Lugonu
  4125 | D:4      | Reached XP level 6. HP: 37/39 MP: 6/6
  4153 | D:4      | Noticed a black bear
  4158 | D:4      | Killed a black bear
  4159 | D:4      | Reached skill level 5 in Maces & Flails
  4199 | D:4      | Noticed a sky beast
  4212 | D:4      | HP: 19/40 [something (2)]
  4219 | D:4      | HP: 10/40 [something (2)]
  4220 | D:4      | HP: 4/40 [something (2)]
  4229 | D:4      | Killed a sky beast
  4230 | D:4      | Reached skill level 5 in Fighting
  4305 | D:4      | Found Winophin's Distillery.
  4316 | D:4      | Bought a potion of haste for 120 gold pieces
  4316 | D:4      | Bought a potion of might for 48 gold pieces
  4316 | D:4      | Bought a potion of might for 48 gold pieces
  4316 | D:4      | Bought a potion of haste for 120 gold pieces
  4346 | D:4      | Found a runed translucent gate.
  4347 | D:4      | Found a runed translucent gate.
  4348 | D:4      | Found a runed translucent gate.
  4349 | D:4      | Noticed TheNamelessOne's ghost (novice OpCK)
  4705 | D:5      | Entered Level 5 of the Dungeon
  4738 | D:5      | Reached XP level 7. HP: 29/44 MP: 7/7
  4744 | D:5      | Reached skill level 3 in Shields
  4746 | D:5      | HP: 21/44 [orc (3)]
  4995 | D:5      | Reached skill level 6 in Maces & Flails
  5351 | D:5      | HP: 21/45 [centaur/arrow (6)]
  5353 | D:5      | HP: 10/45 [centaur/arrow (6)]
  5358 | D:5      | HP: 3/45 [scorpion (8)]
  5360 | D:5      | Slain by a centaur

Vanquished Creatures
  A water moccasin (D:5)
  A sky beast (D:4)
  A black bear (D:4)
  A scorpion (D:5)
  A water moccasin skeleton (D:5)
  A centaur skeleton (D:5)
  Crazy Yiuf (D:2)
  An orc priest (D:3)
  A hound (D:5)
  2 iguanas (D:5)
  A hound skeleton (D:4)
  A howler monkey zombie (D:5)
  7 adders
  A gnoll (D:1)
  A white imp (D:5)
  2 adder skeletons (D:4)
  2 worms (D:3)
  2 dart slugs
  6 orcs
  9 ball pythons
  A bat (D:2)
  6 endoplasms
  6 giant cockroaches
  11 goblins
  9 hobgoblins
  4 jackals (D:2)
  A quokka (D:5)
  4 frilled lizards
  6 kobolds
  3 rats
94 creatures vanquished.

Table legend: (Time is in decaauts)
 A = Elapsed time spent in this place.
 B = Non-inter-level travel time spent in this place.
 C = Inter-level travel time spent in this place.
 D = Time resting spent in this place.
 E = Time spent auto-exploring this place.
 F = Levels seen in this place.
 G = Mean time per level.
                   A        B        C        D        E       F      G
               +--------+--------+--------+--------+--------+-----+--------+
         Total |   5435 |   5167 |    268 |    855 |   3539 |   6 |  905.8 |
       Dungeon |   5399 |   5131 |    268 |    855 |   3513 |   5 | 1079.8 |
         Abyss |     36 |     36 |      0 |      0 |     26 |   1 |   36.0 |
               +--------+--------+--------+--------+--------+-----+--------+

Top non-repeatable levels by time:
     D:2: 1519 daAuts
     D:1: 1280 daAuts
     D:3: 1111 daAuts
     D:4: 934 daAuts
     D:5: 554 daAuts
 Abyss:1: 36 daAuts
